Croesus, chaotic female elven Ranger @ Croesus the Trailblazer Experience level: 9 Strength: 17 Dexterity: 15 Constitution: 16 Intelligence: 13 Wisdom: 15 Charisma: 7 Health: 0(68) Energy: 68(68) Def: 20 Gold: 0 Moves: 21565 Dungeon seed: VxVRy1M5MOnQoto1 Game ID: Croesus_1604571288 Your Inventory: Amulets j - an uncursed amulet of reflection (being worn) Weapons d - an uncursed +1 elven dagger (weapon in hand) e - an uncursed +1 elven bow (alternate weapon; not wielded) C - 9 blessed +2 arrows L - 56 uncursed +2 elven arrows N - 38 uncursed +0 elven arrows W - 11 uncursed +1 arrows X - 73 uncursed +0 arrows (in quiver) Armor o - an uncursed +1 pair of iron shoes (being worn) r - an uncursed +0 large shield (being worn) y - an uncursed +0 dwarvish mithril-coat (being worn) P - an uncursed +1 dwarvish iron helm (being worn) Q - an uncursed rotted +2 elven cloak (being worn) Y - an uncursed burnt +0 pair of leather gloves (being worn) Comestibles v - an uncursed female lizard corpse B - an uncursed food ration Scrolls l - 2 uncursed scrolls of teleportation Rings h - an uncursed ring of cold immunity i - an uncursed ring of free action Wands a - an uncursed wand of digging (0:4) g - an uncursed wand of striking (0:4) m - an uncursed wand of undead turning (0:3) A - an uncursed wand of enlightenment (0:11) F - an uncursed wand of striking (0:3) R - an uncursed wand of slow monster (0:4) U - a blessed wand of sleep (0:0) Tools b - an uncursed bag of holding c - 2 uncursed tallow candles (0:200) k - an uncursed skeleton key s - an uncursed stethoscope u - an uncursed +0 unicorn horn w - an uncursed tin whistle H - an uncursed mirror V - an uncursed expensive camera (0:38) Z - an uncursed pair of lenses (being worn) Gems n - an uncursed worthless piece of white glass Contents of the bag of holding: an uncursed carrot an uncursed cram ration an uncursed female lizard corpse 6 uncursed food rations 2 uncursed lembas wafers an uncursed male lizard corpse an uncursed mango an uncursed scroll of earth an uncursed +4 ring of carrying an uncursed +1 ring of protection an uncursed ring of teleport control an uncursed wand of digging (0:3) a cursed wand of polymorph (0:7) an uncursed wand of sleep (0:5) an uncursed wand of summoning (0:6) 2 uncursed amber stones 2 uncursed jasper stones an uncursed obsidian stone 2 uncursed rocks an uncursed ruby 3 uncursed worthless pieces of black glass 6 uncursed worthless pieces of blue glass an uncursed worthless piece of green glass 4 uncursed worthless pieces of orange glass 4 uncursed worthless pieces of red glass 3 uncursed worthless pieces of violet glass 7 uncursed worthless pieces of white glass 3 uncursed worthless pieces of yellow glass 3 uncursed worthless pieces of yellowish brown glass 860 gold pieces Spells and supernatural/magical abilities: Name Level Category Cost Memory o - cone of cold 4 attack 4000pw 73% A - create familiar 3 clerical 3000pw 70% O - summoning 2 clerical 2000pw 76% W - pray for help -- divine ? -- Your skills at the end: Fighting Skills wands [Basic] Weapon Skills dagger [Skilled] bow [Expert] Spellcasting Skills Final Attributes: You were piously aligned. You were immune to sleep. You were poison resistant. You saw invisible. You were telepathic. You had automatic searching. You had infravision. You were stealthy. You had teleport control. You were swallowed by an energy vortex. You were protected. You had reflection. Mars was noncommittal. You are dead. Vanquished creatures: 2 giant mimics a stalker an earth elemental 2 wargs 2 small mimics a gelatinous cube a pyrolisk a large dog a freezing sphere a dwarf king 4 tengu a leocrotta an elf mummy a python an ettin zombie 2 watchmen a chameleon a crocodile 3 giant beetles a quivering blob 4 wolves a panther 3 spotted jellies 4 leprechauns 3 iron piercers a mumak 2 giant spiders an ice vortex a vampire bat 6 gnome kings an orc mummy 2 ogres a brown pudding 2 yetis 2 gold golems 3 lizards a dog 5 dingos 6 housecats 4 jaguars 3 dwarf lords a blue jelly 3 white unicorns 2 gray unicorns 2 dust vortices 4 ravens a plains centaur a gnome mummy 2 snakes 8 apes 6 human zombies a rope golem a soldier ant 2 fire ants 2 bugbears a wood nymph a water nymph 2 mountain nymphs 2 Mordor orcs 2 orc shamans 2 rock piercers a rock mole 2 ponies 2 fog clouds 3 yellow lights 2 shriekers 2 violet fungi 16 gnome lords 6 gnomish wizards 4 kobold mummies a black naga hatchling a guardian naga hatchling 2 gray oozes 3 ghouls 2 straw golems 3 paper golems a baby crocodile 9 giant ants 2 little dogs 5 floating eyes 4 kittens 21 dwarves 3 kobold shamans 10 hill orcs 6 rothes a rabid rat 3 centipedes 4 giant bats 2 monkeys 5 dwarf zombies a wererat a werejackal 13 iguanas 19 killer bees an acid blob 11 coyotes 5 gas spores 10 hobbits 12 manes 3 hobgoblins 5 giant rats 17 cave spiders 3 brown molds 3 yellow molds 2 green molds 3 red molds 59 gnomes 30 garter snakes a gnome zombie 11 geckos 5 jackals 3 foxes 5 kobolds 3 goblins 9 sewer rats 9 grid bugs 6 bats 10 lichens 17 newts 534 creatures vanquished. Voluntary challenges: You had been an atheist until turn 3124. You used a wielded weapon 339 times, starting on turn 290. You read items or engraved 39 times, starting on turn 953. You never genocided any monsters. You never polymorphed an object. You never changed form. You used no wishes. You never split a pudding. You never wrote Elbereth's name. You violated your moral code, losing 92 points of alignment, starting on turn 15983. Dungeon overview: The Dungeons of Doom: levels 1 to 12 Level 1 some fountains, a vault a long staircase Level 2 a scroll shop, a fountain stairs to The Gnomish Mines Level 3 a weapon shop, a fountain, a vault Level 4 a fountain Level 5 an altar to Mars, some fountains Level 6 a fountain Level 7 many fountains Level 8 an altar to Venus, a fountain, a vault stairs to Sokoban Level 9 Level 10 Level 11 Level 12 The Gnomish Mines: levels 3 to 10 Level 3 stairs to The Dungeons of Doom Level 4 Level 5 Level 6 many shops, a temple to Mercury, some fountains Level 7 Level 8 Level 9 <- You were here Level 10 Sokoban: levels 4 to 7 Level 4 Solved Level 5 Solved Level 6 Solved Level 7 Solved stairs to The Dungeons of Doom History has recorded: On T:1 you entered the Dungeons of Doom to retrieve the Amulet of Yendor! On T:322 you reached level 2 of The Dungeons of Doom. On T:1111 you reached level 3 of The Dungeons of Doom. On T:1225 you reached level 4 of The Dungeons of Doom. On T:1686 you reached level 5 of The Dungeons of Doom. On T:2186 you reached level 1 of The Gnomish Mines. On T:2561 you reached level 2 of The Gnomish Mines. On T:2698 you reached level 3 of The Gnomish Mines. On T:3013 you reached level 4 of The Gnomish Mines. On T:3233 you reached level 5 of The Gnomish Mines. On T:3695 you advanced to experience level 2. On T:3971 you advanced to experience level 3. On T:5042 you advanced to experience level 4. On T:5230 you advanced to experience level 5. On T:5871 you reached level 6 of The Dungeons of Doom. On T:6025 you advanced to experience level 6. On T:6029 you reached level 7 of The Dungeons of Doom. On T:6913 you reached level 8 of The Dungeons of Doom. On T:7149 you reached level 9 of The Dungeons of Doom. On T:7362 you reached level 4 of Sokoban. On T:7659 you advanced to experience level 7. On T:8113 you reached level 3 of Sokoban. On T:9230 you reached level 2 of Sokoban. On T:10186 you reached level 1 of Sokoban. On T:10383 you advanced to experience level 8. On T:13657 you reached level 11 of The Dungeons of Doom. On T:13663 you reached level 10 of The Dungeons of Doom. On T:15898 you reached level 6 of The Gnomish Mines. On T:16352 you advanced to experience level 9. On T:17580 you reached level 7 of The Gnomish Mines. On T:18821 you reached level 8 of The Gnomish Mines. Score breakdown: Gold: 860 ( 9983 points) Experience: 9 levels (15756 points) Exploration: 12 levels ( 24.00%) (14214 points) Discoveries: 31 items ( 10.51%) ( 9725 points) Valuables value: (no points given unless you survive) Artifact value: 0 ( 0 points) Variety of kills: 119 monsters ( 31.32%) (16788 points) Turncount: 21565 turns (-3513 points) Survival: died (score multiplied by 80%) Total score: 50362 Latest messages: A peaceful watch captain [seen: infravision] on a candle on a pit in the floor of a room. You feel agile! You must have been working on your reflexes. You reach out your arms and grab the watch captain. The watch captain is too heavy for you to lift. You reach out your arms and grab the watch captain. The watch captain is too heavy for you to lift. You try to reach out your arms, but the watch captain backs away skeptically. Please move the cursor to an unknown object. An energy vortex on the floor of a room. You hit the energy vortex! You are jolted with electricity! The energy vortex engulfs you! You hit the energy vortex! You are jolted with electricity! The air around you crackles with electricity. You hit the energy vortex! You are jolted with electricity! The air around you crackles with electricity. You hit the energy vortex. You are jolted with electricity! You die... Final status: Goodbye Croesus the Ranger, killed by an energy vortex... You died in The Gnomish Mines on dungeon level 9 with 50362 points, and 860 pieces of gold, after 21565 moves. You were level 9 with a maximum of 68 hit points when you died.